 Dungeon Crawl Stone Soup version 0.25-a0-51-gc466198 (webtiles) character file.

Game seed: 10458376220590638680, levelgen mode: deterministic

112 BoppinsLewinski the Ducker (level 4, -1/27 HPs)
             Began as a Tengu Gladiator on Oct 25, 2019.
             Slain by a gnoll
             ... wielding a +0 spear
              (7 damage)
             ... on level 2 of the Dungeon.
             The game lasted 00:04:21 (1972 turns).

BoppinsLewinski the Ducker (Tengu Gladiator)        Turns: 1972, Time: 00:04:22

Health: -1/27      AC:  5    Str: 16    XL:     4   Next: 95%
Magic:  5/5        EV: 13    Int:  8    God:
Gold:   138        SH:  0    Dex: 15    Spells: 3/3 levels left

rFire    + . .     SeeInvis .   x - +2 war axe (chop)
rCold    + . .     Gourm    .   (no shield)
rNeg     . . .     Faith    .   e - +0 ring mail
rPois    .         Spirit   .   c - +0 hat
rElec    .         Reflect  .   o - scarf {rC+ rF+}
rCorr    .         Harm     .   (no gloves)
MR       .....                  (boots unavailable)
Stlth    +.........             (no amulet)
HPRegen  0.09/turn              (no ring)
MPRegen  0.09/turn              (no ring)

@: no status effects
A: beak, talons 3
a: no special abilities


You were on level 2 of the Dungeon.
You were not hungry.

You visited 1 branch of the dungeon, and saw 2 of its levels.

You collected 138 gold pieces.

Inventory:

Hand Weapons
 m - a +2 hunting sling of freezing
 x - a +2 war axe of chopping (weapon)
Missiles
 d - 3 throwing nets (quivered)
 n - 3 stones
 p - 7 poisoned darts
Armour
 c - a +0 hat (worn)
 e - a +0 ring mail (worn)
 h - a +0 plate armour
 o - a scarf of resistance (worn)
Jewellery
 r - an uncursed ring of poison resistance {unknown}
Scrolls
 a - a scroll of fear {unknown}
 b - 2 scrolls of identify {unknown}
 g - a scroll of enchant armour {unknown}
 l - a scroll of teleportation {unknown}
 q - a scroll of noise {unknown}
 t - a scroll of random uselessness {unknown}
 u - a scroll of amnesia {unknown}
 w - 3 scrolls of remove curse {unknown}
Potions
 i - a potion of heal wounds {unknown}
 j - 2 potions of curing
 k - 2 potions of flight {unknown}
 s - a potion of might {unknown}
 v - 3 potions of haste {unknown}
Comestibles
 f - 5 rations


   Skills:
 + Level 2.8 Fighting
 + Level 4.0 Axes
 + Level 2.7 Throwing
 + Level 1.9 Armour
 + Level 4.0 Dodging


You had 3 spell levels left.
You didn't know any spells.
Your spell library was empty.

Dungeon Overview and Level Annotations

Branches:
Dungeon (2/15)

Altars:


Innate Abilities, Weirdness & Mutations

You have a beak for a mouth.
You have claws for feet.


Message History

Unknown command.
It was a potion o' curin'.
Ye feel better.
Tha gnoll completely misses ye.
Tha gnoll hits ye but does nay damage.
Ye see 'ere a gnoll corpse.
Ye barely miss tha gnoll.
Yer kick misses tha gnoll.
Tha gnoll hits ye wit' a +0 spear.
Ye hit tha gnoll.
Yer kick misses tha gnoll.
Tha gnoll be moderately wounded.
Tha gnoll hits ye wit' a +0 spear.
Ye be too injured ta fight recklessly!
Ye be too injured ta fight recklessly!
Ye be too injured ta fight recklessly!
Ye be too injured ta fight recklessly!
Ye barely miss tha gnoll.
Ye claw tha gnoll.
Ye peck tha gnoll, but do nay damage.
Tha gnoll be severely wounded.
Tha gnoll hits ye wit' a +0 spear!
* * * LOW HITPOINT WARNIN'
* * * Tha gnoll hits ye wit' a +0 spear!
Ye die...

.# #..................(........
.# ###################.#######.
.# ##(# #. .# #(.# ##
.######################.#########
...................).............
.######################.#########
.######################.#
................@g......#
#########################


You could see a gnoll.

Vanquished Creatures
  2 adders (D:2)
  3 gnolls (D:2)
  A worm (D:2)
  2 dart slugs
  5 leopard geckos
  2 ball pythons
  3 giant cockroaches (D:2)
  11 goblins
  7 hobgoblins
  6 kobolds
  4 bats
  2 frilled lizards (D:1)
  5 rats
53 creatures vanquished.

Notes
Turn   | Place    | Note
-------+----------+-------------------------------------------
     0 | D:1      | BoppinsLewinski the Tengu Gladiator began the quest for the
                  | Orb.
     0 | D:1      | Reached XP level 1. HP: 12/12 MP: 2/2
   166 | D:1      | Reached XP level 2. HP: 12/17 MP: 3/3
   503 | D:1      | Reached skill level 1 in Armour
   616 | D:1      | Reached XP level 3. HP: 21/21 MP: 4/4
  1407 | D:2      | Reached XP level 4. HP: 18/27 MP: 5/5
  1972 | D:2      | Slain by a gnoll

Levels and vault maps discovered:
D:1:      nagdon_arrival_zigzag_paths, layout_basic, minivault_25,
          chequers_arboretum
D:2:      kb_forest_paths, layout_basic, first_ration

Skill      XL: |  1  2  3  4 |
---------------+-------------+-----
Armour         | 1 |  1.9
Axes           | 4 |  4.0
Dodging        | 4 |  4.0
Fighting       | |  2.8
Throwing       | |  2.7

Action                   |  1- 3 |  4- 6 || total
-------------------------+-------+-------++-------
Melee: War axe           |    52 |    29 ||    81
       Kick              |     8 |     5 ||    13
       Peck              |     2 |     1 ||     3
 Fire: Hunting sling     |    42 |     9 ||    51
  Use: Potion            |       |     1 ||     1
  Eat: Chunk             |     1 |     2 ||     3
Armor: Ring mail         |    17 |    13 ||    30
Dodge: Dodged            |    33 |    24 ||    57

Table legend:
 A = Non-vault XP
 B = Vault XP
 C = Vault XP percentage of total XP
 D = Non-vault monster count
 E = Vault monster count
 F = Vault count percentage of total count
                 A         B        C        D         E       F
            +---------+---------+-------+---------+---------+-------
      Total |     148 |      13 |   8.1 |      47 |       6 |  11.3
            +---------+---------+-------+---------+---------+-------
        D:1 |      41 |       0 |   0.0 |      23 |       0 |   0.0
        D:2 |     107 |      13 |  10.8 |      24 |       6 |  20.0
            +---------+---------+-------+---------+---------+-------
